 Dungeon Crawl Stone Soup version 0.24-a0-479-g9a978d2894 (webtiles) character file.

Game seed: 2176747695571265835

56 ChocoEater the Digger (level 3, 0/19 HPs)
             Began as a Gargoyle Earth Elementalist on July 7, 2019.
             Slain by an orc priest
             ... wielding a +0 dagger
              (3 damage)
             ... on level 4 of the Dungeon.
             The game lasted 00:03:05 (1838 turns).

ChocoEater the Digger (Gargoyle Earth Elementalist) Turns: 1838, Time: 00:03:06

Health: 0/19       AC:  6    Str: 11    XL:     3   Next: 95%
Magic:  1/7        EV: 12    Int: 16    God:
Gold:   62         SH:  0    Dex: 10    Spells: 3/7 levels left

rFire    . . .     SeeInvis .   g - +1 dagger (elec)
rCold    . . .     Gourm    .   (no shield)
rNeg     + . .     Faith    .   c - +0 robe
rPois    ∞         Spirit   .   (no helmet)
rElec    +         Reflect  .   a - +0 cloak (curse)
rCorr    .         Harm     .   (no gloves)
MR       .....                  (no boots)
Stlth    ++........             (no amulet)
HPRegen  0.06/turn              (no ring)
MPRegen  0.10/turn              (no ring)

@: no status effects
A: negative energy resistance 1, electricity resistance, unbreathing,
petrification resistance, rot immunity, AC +3
a: no special abilities


You were on level 4 of the Dungeon.
You were not hungry.

You visited 1 branch of the dungeon, and saw 3 of its levels.

You collected 62 gold pieces.

Inventory:

Hand Weapons
 f - a +0 short sword
 g - a +1 dagger of electrocution (weapon)
 k - a +0 flail
Missiles
 b - 32 stones (quivered)
Armour
 a - a cursed +0 cloak (worn)
 c - a +0 robe (worn)
Scrolls
 i - a scroll of fog {unknown}
 j - a scroll of enchant armour {unknown}
Comestibles
 d - 2 rations
 l - 4 chunks of flesh


   Skills:
 - Level 1.5 Dodging
 - Level 2.1 Stealth
 + Level 2.9 Spellcasting
 + Level 1.0 Conjurations
   Level 0.7 Transmutations
 + Level 4.6 Earth Magic


You had 3 spell levels left.
You knew the following spells:

 Your Spells              Type           Power        Failure   Level  Hunger
a - Sandblast             Erth           ###...       2%          1    #......
b - Stone Arrow           Conj/Erth      ##....       17%         3    ###....

Your spell library contained the following spells:

 Spells                   Type           Power        Failure   Level  Hunger
 Passwall                 Tmut/Erth      ##......     10%         2    ##.....
 Petrify                  Tmut/Erth      ##......     52%         4    #####..
 Lee's Rapid Deconstruct  Erth           ###.......   61%         5    ######.


Dungeon Overview and Level Annotations

Branches:
Dungeon (2/15)

Altars:


Innate Abilities, Weirdness & Mutations

You are resistant to torment.
Your stone body is resilient. (AC +3)
You are immune to poison.
You resist negative energy. (rN+)
You are resistant to electric shocks. (rElec)
You can survive without breathing.
You are immune to petrification.
You are immune to rotting.


Message History

The orc wizard barely misses you.
Unknown command.
Unknown command.
You aren't carrying any potions.
Unknown command.
Unknown command.
As you read the scroll labeled ABOTHI IHOA, it crumbles to dust.
You hear a loud clanging noise!
It was a scroll of noise.
You hear a shout!
You hear an angry hiss.
The orc priest barely misses you.
The orc wizard mumbles some strange words.
The orc wizard seems to speed up.
As you read the scroll labeled YMURRY BYMA, it crumbles to dust.
It is a scroll of enchant weapon.
Your +0 dagger of electrocution glows red for a moment.
The orc wizard gestures at you while chanting.
The puff of frost misses you.
The orc priest hits you with a +0 dagger.
You die...

######### ........##
..#..#...# .....o.?.#
####s#...#
.#####o##)####
.......@o....#
?............#
######.......#####.##
#..............#
#.........###..
#.......#.......
#.......#####..#
#######.##### #
#.......#


You could see an orc priest, an orc wizard and a giant cockroach.

Vanquished Creatures
  An orc priest (D:4)
  A worm (D:2)
  A leopard gecko (D:1)
  An orc (D:4)
  A goblin (D:1)
  3 hobgoblins (D:1)
  3 jackals (D:1)
  3 kobolds (D:1)
  4 bats
  3 frilled lizards (D:1)
  2 rats (D:1)
23 creatures vanquished.

Notes
Turn   | Place    | Note
-------+----------+-------------------------------------------
     0 | D:1      | ChocoEater the Gargoyle Earth Elementalist began the quest
                  | for the Orb.
     0 | D:1      | Reached XP level 1. HP: 10/10 MP: 3/3
   248 | D:1      | Reached skill level 4 in Earth Magic
   248 | D:1      | Reached XP level 2. HP: 6/15 MP: 3/5
  1518 | D:2      | Reached XP level 3. HP: 19/19 MP: 6/6
  1523 | D:2      | Learned a level 3 spell: Stone Arrow
  1649 | D:2      | You fall into a shaft and drop 2 floors!
  1678 | D:4      | Reached skill level 1 in Conjurations
  1838 | D:4      | Slain by an orc priest

Levels and vault maps discovered:
D:1:      kennysheep_arrival_forest, layout_basic
D:2:      layout_loops_ring, nicolae_tso_carved_into_rock, marbit_many_paths,
          minmay_hexomino_c4, uniq_natasha
D:4:      layout_loops_ring, nicolae_overflow_crystal_walls,
          minmay_temple_entry_large_hall, first_ration

Skill      XL: |  1  2  3 |
---------------+----------+-----
Earth Magic    | 4 |  4.6
Conjurations   | 1 |  1.0
Dodging        | |  1.5
Stealth        | |  2.1
Spellcasting   | |  2.9
Transmutations | |  0.7

Action                   || total
-------------------------++-------
Melee: Unarmed           ||     7
       Dagger            ||    66
 Cast: Sandblast         ||    22
  Use: Scroll            ||     2
 Stab: Sleeping          ||     1
  Eat: Chunk             ||     1
       Ration            ||     1
Armor: Robe              ||    23
Dodge: Dodged            ||    57

Table legend:
 A = Non-vault XP
 B = Vault XP
 C = Vault XP percentage of total XP
 D = Non-vault monster count
 E = Vault monster count
 F = Vault count percentage of total count
                 A         B        C        D         E       F
            +---------+---------+-------+---------+---------+-------
      Total |      80 |       0 |   0.0 |      23 |       0 |   0.0
            +---------+---------+-------+---------+---------+-------
        D:1 |      30 |       0 |   0.0 |      19 |       0 |   0.0
        D:2 |       6 |       0 |   0.0 |       2 |       0 |   0.0
        D:4 |      44 |       0 |   0.0 |       2 |       0 |   0.0
            +---------+---------+-------+---------+---------+-------
